Description

2 proxy cheese made by TY the terran genius

Build Order

Get SALT Encoding   

  12  0:01  SCV  
  13  0:13  SCV  
  14  0:16  Supply Depot  
  14  0:25  SCV  
  15  0:38  SCV  
  15  0:44  Barracks  halt scv production
  15  0:50  Barracks  
  15  0:55  Refinery  continue scv production after refinery
  17  1:14  Barracks Tech Lab  
  19  1:31  Orbital Command  
  19  1:32  Marine  
  20  1:53  Supply Depot  
  20  1:58  Marauder  
  22  2:00  Marine  
  23  1:42  Concussive Shells  
  23  2:11  Marauder  
  26  2:25  Supply Depot  
  28  2:57  Bunker  
  29  3:04  Orbital Command  
Spawning Tool Build Advisor. Get it on Overwolf

Analysis

Send out first scv immediately to proxy the first barracks, build the 2nd barracks in your main, the tech lab goes on the proxy. Push out and build a bunker at their natural when you have 2 marauders.

Go to:

Details

  • Created by: thedeadlymedic
  • Published on: May 31, 2018
  • Modified on: Jun 04, 2018
  • Patch: 4.0.0
Show
View Real Time Build Order
Export as new Build Order

Comments (3)

On June 4, 2018, 9:05 p.m., thedeadlymedic  said:

no you are right kilometresdavis, I will edit it when i get the chance. thanks : )

On May 31, 2018, 6:37 a.m., kilometresdavis  said:

(my bad if this is a different build, I'm thinking of his proxy marauder build vs. Trap)

On May 31, 2018, 6:33 a.m., kilometresdavis  said:

I love this

small correction: TY stops SCV production at 15 supply to get his 2 rax (first proxy, second in base) and gas, then restarts SCV production

Create an account to comment!